cohdb
Replays
Latest Replays
All Replays
Popular Replays
Top Player Replays
Match Explorer
How It Works
Community
CoH3 Stats
Reddit
Sign in to upload your games and track your stats! →
Sign in with Steam
Match 45446948
Unlisted
Match 45446948
Overview
Messages
Build Orders
End
Kradschützen Motorcycle Team
Panzergrenadier Squad
Panzergrenadier Squad
Panzergrenadier Squad
Construct Light Support Kompanie
Selects Panzerjäger Kommand Battlegroup
Selects Mine Fields
Construct Mechanized Kompanie
Selects Defensive Positions
Vehicle Survival Package
8 Rad Armored Car
Panzerjäger Mechanized Group
8 Rad Armored Car
Selects Tank Busters
T.R. Olvadi
Nico-Nico-Nii~~
Tico
Jordon_S-aints
0
0
Comments
sign in to comment!
No comments posted yet!